 Dungeon Crawl Stone Soup version 0.28-a0-194-g42b4daccc1 (webtiles) character file.

Game seed: 2875660806789284694

97922 Lochraine the Cleaver (level 15, -6/123 HPs)
             Began as a Palentonga Fighter on Aug 17, 2021.
             Was a Follower of Uskayaw.
             Killed from afar by a will-o-the-wisp (30 damage)
             ... with a foxfire
             ... on level 1 of the Swamp on Aug 18, 2021.
             The game lasted 00:56:55 (29348 turns).

Lochraine the Cleaver (Palentonga Fighter)         Turns: 29348, Time: 00:56:55

Health: -6/123     AC: 32    Str: 22    XL:     15   Next: 73%
Magic:  25/25      EV:  7    Int: 14    God:    Uskayaw [*.....]
Gold:   1590       SH: 15    Dex: 11    Spells: 14/14 levels left

rFire   . . .      SeeInvis +   a - +0 whip (elec)
rCold   + . .      Faith    .   c - +0 kite shield
rNeg    . . .      Spirit   .   f - +6 chain mail of Divine Miracles {Int+5}
rPois   .          Reflect  +   h - +0 helmet
rElec   +          Harm     .   G - +1 cloak
rCorr   +          Rampage  .   s - +0 pair of gloves
Will    +....                   (no barding)
Stlth   ..........              I - amulet of reflection
HPRegen 0.30/turn               g - +4 ring of protection
MPRegen 0.19/turn               A - ring of Fewuhuv {Wiz rElec rC+ rCorr Dex-2}

@: about to teleport, curled up
A: large, rugged brown scales 3, see invisible, deformed body, roll 1, armoured
tail, reflexive curl
a: Rolling Charge, Renounce Religion, Stomp


You were on level 1 of the Swamp.
You worshipped Uskayaw.
Uskayaw was pleased with you.
You visited 5 branches of the dungeon, and saw 26 of its levels.
You also visited: Bailey.

You collected 2210 gold pieces.
You spent 620 gold pieces at shops.

Inventory:

Hand Weapons
 a - a +0 whip of electrocution (weapon)
   (You took it off a kobold on level 1 of the Dungeon)
 b - a +3 broad axe of electrocution
   (You found it on level 6 of the Lair of Beasts)
Missiles
 z - 4 throwing nets {!f}
Armour
 c - a +0 kite shield (worn)
 f - the +6 chain mail of Divine Miracles (worn) {Int+5}
   (You took it off an orc on level 3 of the Dungeon)

   Int:       It affects your intelligence (+5).
 h - a +0 helmet (worn)
   (You found it on level 1 of the Dungeon)
 s - a +0 pair of gloves (worn)
   (You found it on level 3 of the Dungeon)
 G - a +1 cloak (worn)
   (You found it on level 7 of the Dungeon)
 O - a +2 kite shield of protection
   (You took it off a tengu warrior on level 14 of the Dungeon)
 U - the +0 ring mail "Natoix" {rPois rC+}
   (You found it on level 5 of the Lair of Beasts)

   rC:        It protects you from cold.
   rPois:     It protects you from poison.
Jewellery
 e - a +6 ring of intelligence
   (You found it on level 1 of the Dungeon)
 g - a +4 ring of protection (left hand)
   (You found it on level 2 of the Dungeon)
 k - a ring of ice
   (You found it on level 8 of the Dungeon)
 l - a ring of protection from fire
   (You found it on level 2 of the Dungeon)
 A - the ring of Fewuhuv (right hand) {Wiz rElec rC+ rCorr Dex-2}
   (You acquired it on level 15 of the Dungeon)

   [ring of wizardry]

   It improves your spell success rate.
   Dex:       It affects your dexterity (-2).
   rC:        It protects you from cold.
   rElec:     It insulates you from electricity.
   rCorr:     It protects you from acid and corrosion.
 F - a ring of protection from cold
   (You found it on level 4 of the Lair of Beasts)
 I - an amulet of reflection (around neck)
   (You found it on level 8 of the Dungeon)
 K - a ring of resist corrosion
   (You took it off a centaur on level 9 of the Dungeon)
 P - the amulet "Peeqa" {Faith -Tele +Inv Str+7}
   (You acquired it on level 15 of the Dungeon)

   [amulet of faith]

   It allows you to gain divine favour quickly.
   Str:       It affects your strength (+7).
   +Inv:      It lets you turn invisible.
   -Tele:     It prevents most forms of teleportation.
 S - a ring of flight
   (You found it on level 4 of the Lair of Beasts)
Wands
 d - a wand of iceblast (8)
   (You found it on level 1 of the Lair of Beasts)
 t - a wand of flame (18)
   (You found it on level 13 of the Dungeon)
 u - a wand of paralysis (27)
   (You found it on level 6 of the Dungeon)
 v - a wand of digging (2)
   (You found it on level 5 of the Dungeon)
 x - a wand of acid (1)
   (You found it on level 6 of the Lair of Beasts)
 W - a wand of polymorph (18)
   (You found it on level 11 of the Dungeon)
Scrolls
 j - a scroll of torment {!r}
 n - 3 scrolls of fear
 q - 7 scrolls of teleportation {@r4}
 w - 3 scrolls of enchant weapon
 y - a scroll of immolation {unknown}
 B - 4 scrolls of amnesia {unknown}
 C - 3 scrolls of enchant armour
 H - 3 scrolls of identify {@r1}
 J - 2 scrolls of vulnerability {!r}
 L - 3 scrolls of blinking
 N - a scroll of holy word
 Q - a scroll of silence
 T - 4 scrolls of noise {!r}
 V - a scroll of fog
Potions
 i - 4 potions of lignification {!q}
 m - 4 potions of attraction {!q}
 o - 9 potions of curing {@q1}
 p - 3 potions of ambrosia
 r - 5 potions of flight
 D - 2 potions of degeneration {!q}
 E - 3 potions of brilliance
 M - a potion of mutation {!q}
 R - a potion of berserk rage
 X - 2 potions of heal wounds {@q2}
 Y - a potion of haste {@q3}


   Skills:
 - Level 10.2 Fighting
 - Level 2.4 Long Blades
 + Level 13.5(14.9) Axes
 - Level 11.1(13.7) Maces & Flails
 - Level 9.4 Armour
 - Level 3.5 Dodging
 - Level 9.0 Shields
 - Level 13.4 Invocations
 + Level 5.3 Evocations


You had 14 spell levels left.
You didn't know any spells.
Your spell library contained the following spells:

 Spells                   Type           Power      Damage    Failure   Level
 Magic Dart               Conj           0%         1d3       54%         1
 Sandblast                Erth           0%         2d4       54%         1
 Shock                    Conj/Air       0%         1d3       54%         1
 Blink                    Tloc           N/A        N/A       69%         2
 Call Imp                 Summ           0%         N/A       69%         2
 Passwall                 Tmut/Erth      0%         N/A       69%         2
 Searing Ray              Conj           0%         3d3       69%         2
 Sublimation of Blood     Necr           0%         N/A       69%         2
 Frozen Ramparts          Ice            0%         1d2       88%         3
 Ignite Poison            Fire/Tmut/Pois 0%         N/A       88%         3
 Lesser Beckoning         Tloc           0%         N/A       88%         3
 Mephitic Cloud           Conj/Pois/Air  0%         N/A       88%         3
 Swiftness                Air            0%         N/A       88%         3
 Airstrike                Air            0%         N/A       99%         4
 Fulminant Prism          Conj/Hex       0%         3d6       99%         4
 Hailstorm                Conj/Ice       0%         3d3       99%         4
 Ice Form                 Ice/Tmut       0%         N/A       99%         4
 Iskenderun's Mystic Bla  Conj/Tloc      0%         2d3       99%         4
 Passage of Golubria      Tloc           N/A        N/A       99%         4
 Petrify                  Tmut/Erth      0%         N/A       99%         4
 Summon Ice Beast         Ice/Summ       0%         N/A       99%         4
 Bolt of Magma            Conj/Fire/Erth 0%         4d4       100%        5
 Irradiate                Conj/Tmut      0%         3d13      100%        5
 Lee's Rapid Deconstruct  Erth           0%         3d5*      100%        5
 Manifold Assault         Tloc           0%         N/A       100%        5
 Silence                  Hex/Air        0%         N/A       100%        5
 Simulacrum               Ice/Necr       0%         N/A       100%        6
 Lehudib's Crystal Spear  Conj/Erth      0%         10d2      100%        8


Dungeon Overview and Level Annotations

Branches:
Dungeon (15/15)            Temple (1/1) D:5            Lair (6/6) D:8
  Swamp (2/4) Lair:3        Snake (0/4) Lair:2        Slime (0/5) Lair:6
    Orc (2/2) D:10            Elf (0/3) Orc:2        Vaults (0/5) D:13
 Depths (0/5) D:15         Bailey (visited)

Altars:
Ashenzari
Cheibriados
Dithmenos
Elyvilon
Fedhas
Gozag
Hepliaklqana
Kikubaaqudgha
Makhleb
Nemelex Xobeh
Qazlal
Sif Muna
Trog
Uskayaw
Vehumet
Wu Jian
Xom
Yredelemnul
Zin
The Shining One
Beogh
Jiyva

Shops:
D:1 *   D:2 (   D:8 ?   D:12 *   Orc:1 *   Orc:2 !![*

Annotations:
D:7 Joseph
Lair:6 1 runed translucent door


Innate Abilities, Weirdness & Mutations

You are completely covered in rugged brown scales. (AC +3, +7% HP)
You have supernaturally acute eyesight. (SInv)
Armour fits poorly on your strangely shaped body.
You can roll at nearby foes to attack.
You have a long armoured tail.
You curl defensively after being hit.


Message History

You block the bunyip's attack. The bunyip claws you!!
* * * LOW HITPOINT WARNING * * *
Found 20 stones.
Blink to where?
As you read the scroll of blinking, it crumbles to dust.
You climb downwards. 2 alligators and a spriggan rider come into view.
The spriggan rider shouts!
Found a wand of iceblast (8), a robe and a scale mail.
There is a stone staircase leading up here.
As you read the scroll of teleportation {@r4}, it crumbles to dust.
You feel strangely unstable.
Uskayaw will no longer force your foes to helplessly watch your dance.
You hit the alligator but do no damage.
Your tail-slap misses the alligator.
You block the alligator's attack. x2; The alligator puts on a burst of speed!
You climb upwards.
Your surroundings suddenly seem different.
Found a helmet.
Okay, then.
You start resting.
You can no longer pass through a line of other dancers.
You start resting.
A bunyip is nearby!
Roll where?
Aim: a bunyip (wandering, hasn't noticed you)
You roll forward with a clatter of scales!
The bunyip gives a hideous shriek!
You hit the bunyip but do no damage. You block the bunyip's attack.
The bunyip claws you!
* * * LOW HITPOINT WARNING * * *
The bunyip claws you but does no damage.
Here: a bunyip The floor.
Unknown command.
Aim: a bunyip (chance to affect: 27%)
The bunyip suddenly stops moving!
A will-o-the-wisp comes into view.
The helpless bunyip fails to defend itself.
You hit the bunyip but do no damage.
The will-o-the-wisp gestures.
The will-o-the-wisp conjures some foxfire! 2 foxfires come into view.
The helpless bunyip fails to defend itself.
You whack the bunyip!
A bog body comes into view.
The helpless bunyip fails to defend itself.
You hit the bunyip.
As you read the scroll of teleportation {@r4}, it crumbles to dust.
You feel strangely unstable. The foxfire hits you!!
You die...

.≈.≈.≈≈§≈≈≈.n..
.≈≈≈≈≈≈≈≈§§≈.≈≈.
≈≈≈≈.≈≈..≈≈....≈
≈≈≈§≈[...≈≈≈...≈
..≈≈.≈≈≈.≈≈≈.≈≈≈
♣.≈≈≈§≈≈.≈≈≈..≈≈
≈.≈≈≈.x.v§§§§§≈≈
♣@v§§§§v..
♣♣..≈...♣♣
♣≈≈≈≈...≈♣♣
♣♣.≈§.≈≈..♣
♣♣≈.≈≈..≈.♣♣
...≈≈....♣♣♣♣≈≈
≈.≈≈...<≈......
.§≈≈≈≈≈....≈.♣♣♣
.≈..≈≈≈≈.≈..≈≈≈..


You could see a bunyip (paralysed), a will-o-the-wisp and a bog body.

Vanquished Creatures
  Rupert (D:15)
  A very ugly thing (D:15)
  A bunyip (Swamp:1)
  An eleionoma (Swamp:1)
  A fire dragon (D:14)
  4 vault guards (D:13)
  4 boulder beetles
  13 hydras
  2 ogre magi (Orc:2)
  A centaur warrior (D:13)
  2 tengu warriors
  8 two-headed ogres (Orc:2)
  3 death yaks (Lair:6)
  A deep elf knight (D:13)
  A spriggan (Lair:2)
  A glowing orange brain (D:15)
  2 deep trolls (Orc:2)
  4 skeletal warriors (D:15)
  A bog body (Swamp:1)
  A lindwurm (Lair:6)
  3 deep elf pyromancers
  2 orc knights
  A wolf spider (Lair:6)
  10 ugly things
  An orc sorcerer (Orc:2)
  3 manticores (D:13)
  8 cyclopes
  9 elephants (Lair:6)
  A guardian serpent (Lair:6)
  A guardian serpent (shapeshifter) (D:15)
  10 black mambas
  A torpor snail (Lair:6)
  A gargoyle (D:12)
  Psyche (D:11)
  2 rime drakes (Lair:6)
  15 cane toads
  An efreet (D:13)
  A freezing wraith (D:15)
  11 komodo dragons
  2 tengu conjurers
  A jumping spider (shapeshifter) (D:14)
  A polar bear (Lair:4)
  10 trolls
  A polar bear (shapeshifter) (D:15)
  5 hornets
  8 slime creatures
  17 blink frogs
  A centaur simulacrum (D:14)
  4 wraiths
  2 redbacks
  2 shadows (D:12)
  18 wyverns
  2 basilisks
  56 yaks
  9 vampire mosquitoes
  3 acid dragons
  3 wargs
  26 water moccasins
  2 ice beasts
  A hornet zombie (D:7)
  9 orc warriors
  A black bear (shapeshifter) (D:15)
  19 ogres
  A sky beast (D:5)
  4 necrophages
  A black bear (D:4)
  36 wolves
  4 centaurs
  2 lemures (D:7)
  The ghost of Xoff the Magician, an amateur OpWz (D:3)
  A phantom (D:5)
  9 bullfrogs
  A gnoll sergeant (D:10)
  2 scorpions (D:4)
  A water moccasin zombie (D:5)
  A water moccasin skeleton (D:5)
  7 killer bees
  An electric eel (D:10)
  8 howler monkeys
  5 hounds
  A jelly (D:5)
  5 centaur zombies
  7 orc priests
  2 iguanas
  8 orc wizards
  6 hell rats (Lair:5)
  A hound zombie (D:5)
  A howler monkey zombie (D:10)
  12 gnolls
  6 adders
  A shadow imp (D:8)
  A white imp (D:6)
  An ufetubus (D:7)
  An adder skeleton (D:5)
  A worm (D:4)
  4 dart slugs
  56 orcs
  5 endoplasms
  A giant cockroach (D:1)
  13 goblins
  8 hobgoblins
  9 kobolds
  2 quokkas
  8 ball pythons
  3 bats
  5 frilled lizards
  4 rats
595 creatures vanquished.

Vanquished Creatures (others)
  2 bushes (Lair:6)
  36 fungi
  84 plants
122 creatures vanquished.

Grand Total: 717 creatures vanquished

Notes
Turn   | Place    | Note
-------+----------+-------------------------------------------
     0 | D:1      | Lochraine the Palentonga Fighter began the quest for the
                  | Orb.
     0 | D:1      | Reached XP level 1. HP: 19/19 MP: 1/1
    96 | D:1      | Reached XP level 2. HP: 5/25 MP: 2/2
   772 | D:1      | Found a faded altar of an unknown god.
   812 | D:1      | Found Lyajebb's Assorted Antiques.
   833 | D:1      | Reached skill level 1 in Maces & Flails
   995 | D:1      | Reached XP level 3. HP: 32/32 MP: 3/3
  1518 | D:2      | Found Ilakkiof's Antique Weapon Boutique.
  2128 | D:3      | Found a runed translucent gate.
  2129 | D:3      | Found a runed translucent gate.
  2129 | D:3      | Found a runed translucent gate.
  2130 | D:3      | Identified the +6 chain mail of Divine Miracles {Int+5}
  2138 | D:3      | Noticed Xoff's ghost (amateur OpWz)
  2164 | D:3      | Reached XP level 4. HP: 39/39 MP: 4/4
  2864 | D:3      | Killed Xoff's ghost
  2865 | D:3      | Reached XP level 5. HP: 32/44 MP: 5/5
  3107 | D:4      | Noticed an ogre
  3108 | D:4      | Noticed a centaur
  3117 | D:4      | Killed an ogre
  3118 | D:4      | Reached XP level 6. HP: 23/51 MP: 6/6
  3647 | D:4      | Gained mutation: You curl defensively after being hit.
                  | [Palentonga growth]
  3647 | D:4      | Reached XP level 7. HP: 49/56 MP: 7/7
  3948 | D:4      | Reached skill level 5 in Maces & Flails
  4320 | D:5      | Entered Level 5 of the Dungeon
  4605 | D:5      | Reached XP level 8. HP: 64/64 MP: 8/8
  4633 | D:5      | Reached skill level 5 in Shields
  5040 | D:5      | Found a staircase to the Ecumenical Temple.
  5053 | Temple   | Entered the Ecumenical Temple
  5118 | Temple   | Became a worshipper of Uskayaw the Reveller
  5217 | D:5      | Reached * piety under Uskayaw
  5328 | D:5      | Reached ** piety under Uskayaw
  5333 | D:5      | Reached skill level 1 in Invocations
  5659 | D:6      | Reached skill level 5 in Armour
  6049 | D:7      | Reached *** piety under Uskayaw
  6104 | D:7      | Noticed a troll
  6119 | D:7      | Killed a troll
  6120 | D:7      | Reached XP level 9. HP: 55/70 MP: 3/11
  6205 | D:7      | Found a stormy altar of Qazlal.
  6348 | D:7      | Found a flagged portal.
  6384 | Bailey   | Entered a bailey
  6810 | D:7      | Noticed Joseph
  7007 | D:8      | Noticed a cyclops
  7020 | D:8      | Killed a cyclops
  7021 | D:8      | Reached skill level 5 in Fighting
  7021 | D:8      | Reached skill level 5 in Invocations
  7342 | D:8      | Found Ohumien's Magic Scroll Boutique.
  7350 | D:8      | Bought a scroll of identify for 26 gold pieces
  7350 | D:8      | Bought a scroll of teleportation for 39 gold pieces
  7350 | D:8      | Bought a scroll of teleportation for 39 gold pieces
  7350 | D:8      | Bought a scroll of identify for 26 gold pieces
  7350 | D:8      | Bought a scroll of teleportation for 39 gold pieces
  7350 | D:8      | Bought a scroll of teleportation for 39 gold pieces
  7350 | D:8      | Bought a scroll of identify for 26 gold pieces
  7400 | D:8      | Found a staircase to the Lair.
  7884 | Lair:1   | Entered Level 1 of the Lair of Beasts
  8110 | D:9      | Found a sparkling altar of Nemelex Xobeh.
  8110 | D:9      | Found a basalt altar of Yredelemnul.
  8111 | D:9      | Found a white marble altar of Elyvilon.
  8239 | D:9      | Found an ornate altar of the Wu Jian Council.
  8239 | D:9      | Found a blossoming altar of Fedhas.
  8427 | D:9      | Paralysed by a hornet for 1 turns
  8430 | D:9      | Reached XP level 10. HP: 66/80 MP: 14/14
  8895 | D:10     | Entered Level 10 of the Dungeon
  9449 | D:10     | Found a broken altar of Ashenzari.
  9651 | D:10     | Reached **** piety under Uskayaw
  9813 | D:10     | Found a staircase to the Orcish Mines.
 10258 | Lair:1   | Noticed a cane toad
 10277 | Lair:1   | Killed a cane toad
 10280 | Lair:1   | Reached ***** piety under Uskayaw
 10472 | Lair:1   | Reached XP level 11. HP: 76/88 MP: 17/17
 11055 | Lair:1   | Noticed an eight-headed hydra
 11066 | Lair:1   | Killed an eight-headed hydra
 11413 | Lair:2   | Noticed a seven-headed hydra
 11423 | Lair:2   | Killed a seven-headed hydra
 11712 | Lair:2   | Noticed a spriggan rider
 11724 | Lair:2   | Reached skill level 10 in Invocations
 11737 | Lair:2   | Killed a spriggan rider
 12115 | Lair:2   | Found a staircase to the Snake Pit.
 12164 | Lair:2   | Reached XP level 12. HP: 51/98 MP: 15/20
 13560 | Lair:3   | Noticed a seven-headed hydra
 13588 | Lair:3   | Killed a seven-headed hydra
 14119 | Lair:3   | Found a staircase to the Swamp.
 14550 | Lair:4   | Noticed an eight-headed hydra
 14566 | Lair:4   | Killed an eight-headed hydra
 15571 | Lair:5   | Noticed a six-headed hydra
 15582 | Lair:5   | Killed a six-headed hydra
 15588 | Lair:5   | Noticed a seven-headed hydra
 15591 | Lair:5   | Reached skill level 10 in Maces & Flails
 15594 | Lair:5   | Killed a seven-headed hydra
 15602 | Lair:5   | Reached ****** piety under Uskayaw
 15959 | Lair:5   | Identified the +0 ring mail "Natoix" {rPois rC+}
 16696 | Lair:6   | Entered Level 6 of the Lair of Beasts
 16719 | Lair:6   | Reached XP level 13. HP: 106/108 MP: 22/22
 17081 | Lair:6   | Reached skill level 1 in Dodging
 17635 | Lair:6   | Upgraded the game from 0.28-a0-178-ga708605c5b to
                  | 0.28-a0-194-g42b4daccc1
 18330 | Lair:6   | Reached skill level 10 in Fighting
 18897 | Lair:6   | Reached XP level 14. HP: 93/117 MP: 22/24
 19137 | Lair:6   | Found a runed translucent door.
 19138 | Lair:6   | Found a viscous altar of Jiyva.
 19139 | Lair:6   | Found a staircase to the Slime Pits.
 19177 | Lair:6   | Reached skill level 1 in Evocations
 19254 | Lair:6   | Reached skill level 1 in Axes
 20903 | D:11     | Noticed Psyche
 20913 | D:11     | Killed Psyche
 21275 | D:11     | Reached skill level 5 in Axes
 21455 | D:12     | Found Erghei's Assorted Antiques.
 21575 | D:12     | Bought a scroll labelled XOOPTA LUMN for 31 gold pieces
 21589 | D:12     | Found a glowing silver altar of Zin.
 22555 | D:13     | Found a gate to the Vaults.
 24849 | D:14     | Reached skill level 10 in Axes
 25835 | D:15     | Entered Level 15 of the Dungeon
 26104 | D:15     | Identified 2 scrolls of acquirement
 26104 | D:15     | Acquired the amulet "Peeqa" {Faith -Tele +Inv Str+7}
 26163 | D:15     | Reached XP level 15. HP: 50/123 MP: 25/25
 26770 | D:15     | Noticed Rupert
 26771 | D:15     | Acquired the ring of Fewuhuv {Wiz rElec rC+ rCorr Dex-2}
 26779 | D:15     | Paralysed by Rupert for 7 turns
 26801 | D:15     | Killed Rupert
 27015 | D:15     | Found a staircase to the Depths.
 27381 | Orc:1    | Entered Level 1 of the Orcish Mines
 27399 | Orc:1    | Found Gofrolev's Overcharged Wands.
 27867 | Orc:2    | Entered Level 2 of the Orcish Mines
 27892 | Orc:2    | Found Dehak's Distillery.
 27901 | Orc:2    | Found Etru's Distillery.
 28522 | Orc:2    | Found Alukhleg's Armour Shoppe.
 28525 | Orc:2    | Bought a potion of heal wounds for 70 gold pieces
 28530 | Orc:2    | Bought a potion of heal wounds for 70 gold pieces
 28530 | Orc:2    | Bought a potion of haste for 140 gold pieces
 28572 | Orc:2    | Paralysed by an orc sorcerer for 7 turns
 28857 | Orc:2    | Found Upeitimm's General Store.
 28865 | Orc:2    | Bought a scroll of enchant armour for 75 gold pieces
 28908 | Orc:2    | Found a staircase to the Elven Halls.
 29259 | Swamp:1  | Entered Level 1 of the Swamp
 29266 | Swamp:1  | Reached skill level 5 in Evocations
 29348 | Swamp:1  | Killed from afar by a will-o-the-wisp

Illustrated notes

Levels and vault maps discovered:
D:1:      dpeg_arrival_morbid_curiosity, layout_rooms, basic_ecumenical_altar,
          serial_shops, nicolae_shop_crystal
D:2:      layout_basic, serial_shops, shop, minivault_25,
          minmay_fractal_squares_gapless_5
D:3:      layout_loops_ring, biasface_ghost_orc_armoury
D:4:      layout_basic, serial_bayou_lagoon_a, chequers_serial_rivers_micro_c
D:5:      wad_crossroads, layout_loops_cross, minmay_temple_entry_waves,
          grunt_ministairs_14
D:6:      kennysheep_slugbush, layout_basic, mainiacjoe_overflow_alcove_2
D:7:      layout_cave_pools, general_overflow_altar, grunt_qazlal_clouds,
          enter_bailey_3, corexii_hall_statues_t, uniq_joseph, uniq_pikel
D:8:      layout_gridville, dpeg_oklobed_lair, serial_shops, nicolae_shop_trees
D:9:      layout_irregular_city, gammafunk_temple_overflow_statue,
          chequers_temple_overflow_statue_of_worship
D:10:     layout_roguey, cheibrodos_ashenzari_chains, erik_orc_2,
          kennysheep_generic_room_8
D:11:     layout_grid_maze, uniq_psyche
D:12:     layout_roguey, serial_shops, nicolae_stop_n_shop_2, drop_trap,
          grunt_decor_cap, zin_academy
D:13:     layout_cave_pods, lightli_vaults_fourway_checkpoint
D:14:     layout_irregular_city, serial_bayou_shore_b
D:15:     gammafunk_enter_depths_forms, layout_cave_pools, serial_column_ruins,
          column_ruins_hut, column_ruins_corridor_straight,
          column_ruins_open_tiny, column_ruins_grid_1, column_ruins_grid_4,
          column_ruins_grid_3, column_ruins_open_large,
          column_ruins_columns_corner, uniq_rupert
Temple:   nicolae_temple_god_jail
Lair:1:   layout_gridlike, grunt_megastairs_5, lemuel_fruit_fields,
          serial_bayou_shore_b
Lair:2:   layout_gridlike, minmay_snake_entry_six_corridors,
          grunt_forest_large_clearings
Lair:3:   layout_misc_corridors, swamp_mist, st_stairs_8
Lair:4:   layout_big_grid, st_stairs_4
Lair:5:   layout_regular_city
Lair:6:   hangedman_lair_tendril_chambers, layout_gridlike, slime_altar_2
Swamp:1:  layout_basic_swamp, evilmike_swamp_ruin_house_3, swamp_pool1,
          uniq_aizul
Swamp:2:  layout_falls_marsh, serial_swamp_ruin, evilmike_swamp_ruin_rubble_1,
          evilmike_swamp_ruin_house_2, swamp_pool3, infiniplex_staircase_pool_2,
          uniq_jorgrun
Orc:1:    layout_diamond_mine, serial_shops, nicolae_shop_overcharged_wands
Orc:2:    st_orc_open, layout_caves, basic_altar, david_defended_altar_orc

Skill      XL: |  1  2  3  4  5  6  7  8  9 10 11 12 13 14 15 |
---------------+----------------------------------------------+-----
Maces & Flails | 1 2 3 4 5 6 7 8 9 10 11 | 11.1
Shields        | 3 4 5 6 7 8 9 |  9.0
Armour         | 3 4 5 6 7 8 9 |  9.4
Invocations    | 3 6 8 10 12 13 | 13.4
Fighting       | 4 5 6 7 9 10 | 10.2
Dodging        | 3 |  3.5
Evocations     | 1 5 |  5.3
Axes           | 11 13 | 13.5
Long Blades    | |  2.4

Action                   |  1- 3 |  4- 6 |  7- 9 | 10-12 | 13-15 || total
-------------------------+-------+-------+-------+-------+-------++-------
Melee: Long sword        |    23 |       |       |       |       ||    23
       Tailslap          |     7 |    21 |    40 |   113 |   236 ||   417
       Whip              |    90 |   130 |   343 |   812 |   704 ||  2079
       Broad axe         |       |       |       |       |   443 ||   443
Throw: Throwing net      |       |       |       |     1 |       ||     1
Invok: Stomp             |       |       |    10 |    30 |    31 ||    71
       Line Pass         |       |       |     1 |     6 |     5 ||    12
       Grand Finale      |       |       |       |     1 |       ||     1
 Abil: Rolling Charge    |     7 |     2 |    13 |    49 |    92 ||   163
Evoke: Wand              |       |       |       |     1 |     7 ||     8
  Use: Potion            |     2 |       |       |     2 |     5 ||     9
       Scroll            |       |     3 |     7 |     6 |    18 ||    34
 Stab: Paralysed         |       |       |       |    71 |   130 ||   201
       Confused          |       |       |       |     3 |     1 ||     4
Armor: Scale mail        |    54 |    27 |       |       |       ||    81
       Chain mail        |       |    53 |   216 |   431 |   504 ||  1204
Dodge: Dodged            |    20 |    28 |    69 |   135 |   190 ||   442
Block: Kite shield       |    41 |       |    47 |   580 |   670 ||  1338
       Buckler           |     5 |    28 |    54 |       |       ||    87
       Reflection        |       |       |     3 |       |     3 ||     6

Table legend: (Time is in decaauts)
 A = Elapsed time spent in this place.
 B = Non-inter-level travel time spent in this place.
 C = Inter-level travel time spent in this place.
 D = Time resting spent in this place.
 E = Time spent auto-exploring this place.
 F = Levels seen in this place.
 G = Mean time per level.
                   A        B        C        D        E       F      G
               +--------+--------+--------+--------+--------+-----+--------+
         Total |  28798 |  27657 |   1141 |   3744 |  20032 |  27 | 1066.6 |
       Dungeon |  17110 |  16369 |    741 |   2127 |  11976 |  15 | 1140.7 |
        Temple |     78 |     65 |     13 |      0 |     41 |   1 |   78.0 |
          Lair |   9719 |   9386 |    333 |   1216 |   6888 |   6 | 1619.8 |
         Swamp |     83 |     83 |      0 |     48 |      0 |   2 |   41.5 |
  Orcish Mines |   1722 |   1669 |     53 |    353 |   1082 |   2 |  861.0 |
        Bailey |     83 |     83 |      0 |      0 |     45 |   1 |   83.0 |
               +--------+--------+--------+--------+--------+-----+--------+

Top non-repeatable levels by time:
  Lair:6: 2578 daAuts
    D:13: 1849 daAuts
  Lair:5: 1764 daAuts
  Lair:1: 1525 daAuts
    D:14: 1489 daAuts
  Lair:2: 1420 daAuts
    D:10: 1409 daAuts
     D:4: 1268 daAuts
    D:12: 1266 daAuts
  Lair:3: 1249 daAuts
     D:8: 1215 daAuts
    D:15: 1207 daAuts
  Lair:4: 1181 daAuts
    D:11: 1153 daAuts
     D:5: 1089 daAuts
